 Dungeon Crawl Stone Soup version 0.28.0-53-g5a82cb258f (webtiles) character file.

Game seed: 4558261668146979292

3943 LynnLen the Unseen (level 10, -11/50 HPs)
             Began as a Vampire Enchanter on Aug 17, 2022.
             Was an Initiate of Gozag.
             Killed from afar by an electric eel (16 damage)
             ... with a bolt of electricity
             ... on level 7 of the Dungeon.
             The game lasted 00:31:39 (9175 turns).

LynnLen the Unseen (Vampire Enchanter)              Turns: 9175, Time: 00:31:40

Health: -11/50     AC: 10    Str:  7    XL:     10   Next: 1%
Magic:  10/13      EV: 16    Int: 20    God:    Gozag
Gold:   667        SH:  0    Dex: 17    Spells: 5/13 levels left

rFire   . . .      SeeInvis +   s - +3 dagger (elec)
rCold   + + +      Faith    .   (no shield)
rNeg    + + +      Spirit   .   h - +0 leather armour
rPois   ∞          Reflect  .   u - +0 helmet
rElec   .          Harm     .   f - +0 cloak
rCorr   +          Rampage  .   (no gloves)
Will    +....                   c - +0 pair of boots
Stlth   ++++++++..              (no amulet)
HPRegen 0.00/turn               m - ring of Qoyx {rPois rC+ rCorr AC+4}
MPRegen 0.13/turn               v - +4 ring of evasion

@: bloodless, inhibited regen
A: bloodless, fangs 3, see invisible, vampiric 2
a: Bat Form, Revivify, Renounce Religion, Potion Petition, Call Merchant, Bribe
Branch


You were on level 7 of the Dungeon.
You worshipped Gozag.
Gozag was pleased with you.
You visited 2 branches of the dungeon, and saw 8 of its levels.

You collected 1212 gold pieces.
You spent 468 gold pieces at shops.
You paid 77 gold pieces to Gozag.

Inventory:

Hand Weapons
 a - a +1 dagger of flaming
 p - a +0 hunting sling
 s - a +3 dagger of electrocution (weapon)
Missiles
 d - 239 stones
 g - 44 sling bullets
Armour
 b - a +0 robe
 c - a +0 pair of boots (worn)
 f - a +0 cloak (worn)
 h - a +0 leather armour (worn)
 u - a +0 helmet (worn)
Jewellery
 m - the ring of Qoyx (left hand) {rPois rC+ rCorr AC+4}
   (You found it on level 2 of the Dungeon)

   [ring of protection]

   AC:        It affects your AC (+4).
   rC:        It protects you from cold.
   rPois:     It protects you from poison.
   rCorr:     It protects you from acid and corrosion.
 q - a +6 ring of dexterity
 v - a +4 ring of evasion (right hand)
 y - a ring of resist corrosion
Wands
 t - a wand of charming (9)
Scrolls
 l - 2 scrolls of vulnerability
 n - a scroll of teleportation
 x - a scroll of brand weapon
 z - a scroll of identify
Potions
 e - a potion of ambrosia
 i - 2 potions of lignification
 j - 2 potions of curing
 k - a potion of mutation
 o - 2 potions of resistance
 r - a potion of magic
 w - a potion of haste


   Skills:
 + Level 11.2 Short Blades
 - Level 2.1 Dodging
 + Level 16.0 Stealth
 - Level 2.0 Spellcasting
 - Level 4.4 Hexes


You had 5 spell levels left.
You knew the following spells:

 Your Spells              Type           Power      Damage    Failure   Level
a - Ensorcelled Hibernat  Hex/Ice        20%        N/A       14%         2
b - Confusing Touch       Hex            19%        N/A       12%         3
c - Tukima's Dance        Hex            19%        N/A       12%         3

Your spell library contained the following spells:

 Spells                   Type           Power      Damage    Failure   Level
 Sandblast                Erth           4%         2d4       24%         1
 Dazzling Flash           Conj/Hex       20%        N/A       28%         3
 Passwall                 Tmut/Erth      1%         N/A       34%         2
 Stone Arrow              Conj/Erth      4%         3d7       56%         3


Dungeon Overview and Level Annotations

Branches:
Dungeon (7/15)             Temple (1/1) D:4

Altars:
Ashenzari
Cheibriados
Dithmenos
Elyvilon
Fedhas
Gozag
Kikubaaqudgha
Makhleb
Nemelex Xobeh
Okawaru
Ru
Sif Muna
Trog
Uskayaw
Vehumet
Wu Jian
Xom
Yredelemnul
Zin
The Shining One

Shops:
D:5 =   D:7 *


Innate Abilities, Weirdness & Mutations

You do not regenerate when monsters are visible.
You are frail without blood (-20% HP).
You can heal yourself when you bite living creatures.
You are immune to poison.
You have razor-sharp teeth.
You have supernaturally acute eyesight. (SInv)
You are afflicted with vampirism and can become a bat while bloodless.


Message History

The electric eel looks drowsy...
The electric eel shoots out a bolt of lightning at you!
The bolt of electricity hits you.
You hit the electric eel.
The electric eel is lightly wounded.
You hit the electric eel.
The electric eel is moderately wounded.
You hit the electric eel.
The electric eel is moderately wounded.
The electric eel shoots out a bolt of lightning at you!
The bolt of electricity hits you! The bolt of electricity hits you.
The bolt of electricity hits the electric eel.
The electric eel completely resists.
You closely miss the electric eel.
The electric eel is moderately wounded.
You hit the electric eel.
The electric eel is heavily wounded.
You hit the electric eel.
The electric eel is heavily wounded.
You hit the electric eel.
The electric eel is severely wounded.
The electric eel shoots out a bolt of lightning at you!
The bolt of electricity hits you.
* * * LOW HITPOINT WARNING * * *
The bolt of electricity hits you!
* * * LOW HITPOINT WARNING * * *
The bolt of electricity hits the electric eel.
The electric eel completely resists.
You closely miss the electric eel.
The electric eel is severely wounded.
Aiming: Ensorcelled Hibernation (safe; 14% risk of failure)
Press: ? - help, Q - select action, (/) - cycle Shift-Dir - straight line, f - you, p - electric eel
Okay, then.
You feel better.
The electric eel shoots out a bolt of lightning at you!
The bolt of electricity hits you!
* * * LOW HITPOINT WARNING * * *
The bolt of electricity hits you!
You die...
Your body crumbles into a pile of gold.

#............o#.o....
##........)...#......
##..#...........##..
##......).#########..
#..#######.......##..
#..#......≈≈≈≈≈≈.##..
#..#.≈≈≈≈≈.....≈.#...
#..#.≈....####.≈.###.
##..#@S.###...#.≈.###.
#...#.≈.# ≈≈.#.≈.#...
#...#.≈.# .≈.#.≈.#.#.
#..≈.#.≈.# ..≈.#.≈..#.
#..≈.#.≈.# ._≈.#.≈.##.
#..≈.#.≈...≈≈≈.#.≈....
#..≈.#.≈≈≈≈... #.≈.###
#.#≈.#.....#####.≈.# #
#.#≈.######......≈.###


You could see an electric eel.

Vanquished Creatures
  Pikel (D:7)
  A steam dragon (D:7)
  Edmund (D:6)
  A water moccasin (D:5)
  4 sky beasts
  A black bear (D:6)
  5 ogres
  An ice beast (D:7)
  2 necrophages
  2 centaurs
  A bullfrog (D:6)
  A water moccasin zombie (D:5)
  7 scorpions
  A water moccasin skeleton (D:6)
  5 killer bees (D:7)
  3 bullfrog zombies
  A bullfrog skeleton (D:5)
  Crazy Yiuf (D:7)
  An orc priest (D:5)
  4 hounds (D:5)
  A jelly (D:7)
  6 iguanas
  4 orc wizards
  A killer bee zombie (D:7)
  A hound zombie (D:5)
  2 hound skeletons
  5 gnolls
  13 adders
  A shadow imp (D:6)
  5 white imps
  An ufetubus (D:5)
  An adder zombie (D:5)
  4 worms
  2 dart slugs
  14 orcs
  7 endoplasms
  2 giant cockroaches
  9 goblins
  5 hobgoblins
  3 jackals (D:4)
  8 kobolds
  2 quokkas
  7 ball pythons
  6 bats
  A frilled lizard (D:1)
  5 rats
160 creatures vanquished.

Vanquished Creatures (collateral kills)
  An ogre (D:6)
1 creature vanquished.

Vanquished Creatures (others)
  2 dancing weapons
  An orc (D:5)
  4 fungi (D:7)
7 creatures vanquished.

Grand Total: 168 creatures vanquished

Notes
Turn   | Place    | Note
-------+----------+-------------------------------------------
     0 | D:1      | LynnLen the Vampire Enchanter began the quest for the Orb.
     0 | D:1      | Reached XP level 1. HP: 13/13 MP: 3/3
   153 | D:1      | Found a faded altar of an unknown god.
   263 | D:1      | Reached XP level 2. HP: 13/15 MP: 5/5
   267 | D:1      | Reached skill level 5 in Stealth
   873 | D:2      | Learned a level 2 spell: Ensorcelled Hibernation
  1132 | D:2      | Gained mutation: You are afflicted with vampirism and can
                  | become a bat while bloodless. [Vampire growth]
  1132 | D:2      | Reached XP level 3. HP: 19/19 MP: 3/6
  1160 | D:2      | Learned a level 3 spell: Confusing Touch
  1400 | D:2      | Reached skill level 6 in Stealth
  1564 | D:2      | Reached XP level 4. HP: 24/24 MP: 7/7
  1756 | D:2      | Identified the ring of Qoyx {rPois rC+ rCorr AC+4}
  2034 | D:3      | Reached skill level 7 in Stealth
  2054 | D:3      | Reached XP level 5. HP: 20/28 MP: 8/8
  2162 | D:3      | Noticed a necrophage
  2179 | D:3      | Killed a necrophage
  2420 | D:3      | Reached skill level 8 in Stealth
  2420 | D:3      | Reached XP level 6. HP: 32/32 MP: 9/9
  2528 | D:3      | Found a snail-covered altar of Cheibriados.
  2868 | D:4      | Found a staircase to the Ecumenical Temple.
  2910 | Temple   | Entered the Ecumenical Temple
  2959 | Temple   | Reached skill level 5 in Short Blades
  3354 | Temple   | Became a worshipper of Gozag Ym Sagoz the Greedy
  3439 | D:4      | Found a sparkling altar of Nemelex Xobeh.
  3516 | D:4      | Found Doukeeko's Elemental Accessories.
  3547 | D:4      | Found a sacrificial altar of Ru.
  3675 | D:4      | Found a radiant altar of Vehumet.
  3794 | D:4      | Found a basalt altar of Yredelemnul.
  3906 | D:4      | Reached skill level 9 in Stealth
  4146 | D:4      | Learned a level 3 spell: Tukima's Dance
  4151 | D:5      | Entered Level 5 of the Dungeon
  4208 | D:5      | Found Bevoapai's Jewellery Boutique.
  4236 | D:5      | Reached XP level 7. HP: 36/36 MP: 10/10
  4783 | D:5      | Found an ancient bone altar of Kikubaaqudgha.
  4951 | D:5      | Reached skill level 10 in Stealth
  5495 | D:5      | Reached skill level 11 in Stealth
  5495 | D:5      | Reached XP level 8. HP: 34/41 MP: 6/11
  5665 | D:5      | HP: 1/41 [ogre/+0 giant club (20)]
  6253 | D:5      | Reached skill level 12 in Stealth
  6405 | D:5      | Bought a +4 ring of evasion for 468 gold pieces
  6868 | D:6      | Reached skill level 13 in Stealth
  7134 | D:6      | Reached XP level 9. HP: 45/45 MP: 12/12
  7297 | D:6      | Noticed Edmund
  7304 | D:6      | Killed Edmund
  7431 | D:6      | Reached skill level 14 in Stealth
  7802 | D:7      | Reached skill level 10 in Short Blades
  7856 | D:7      | Noticed Pikel
  7871 | D:7      | Killed Pikel
  7872 | D:7      | Reached skill level 15 in Stealth
  7924 | D:7      | Found Eciuni's Assorted Antiques.
  8421 | D:7      | Found a shimmering blue altar of Sif Muna.
  8700 | D:7      | Reached XP level 10. HP: 50/50 MP: 6/13
  8820 | D:7      | Found a runed translucent door.
  8821 | D:7      | Noticed Crazy Yiuf
  8921 | D:7      | Killed Crazy Yiuf
  8922 | D:7      | Reached skill level 16 in Stealth
  9175 | D:7      | Killed from afar by an electric eel

Illustrated notes

Levels and vault maps discovered:
D:1:      minmay_arrival_shattered_statue, layout_rooms,
          hellmonk_ecumenical_altar_blasted
D:2:      layout_basic
D:3:      layout_rooms, cheibrodos_worm_habitat, tso_oasis_becter,
          kennysheep_big_empty_room
D:4:      layout_rooms, mainiacjoe_overflow_surrounded_room,
          mainiacjoe_overflow_paths, mainiacjoe_overflow_boulevard,
          nemelex_spade_bored_becter, minmay_temple_entry_tees, serial_rivers,
          chequers_serial_rivers_large_a, chequers_serial_rivers_large_b,
          chequers_serial_rivers_small_b, chequers_serial_rivers_room_a,
          chequers_serial_rivers_room_a, nicolae_elemental_shop
D:5:      minmay_bubble_buster, layout_cave_pools, mainiacjoe_overflow_24_doors,
          serial_shops, nicolae_shop_hallway_stairs, grunt_ministairs_4
D:6:      layout_loops_ring, minmay_between, uniq_edmund
D:7:      layout_basic, nicolae_overflow_squiral, serial_shops,
          nicolae_shop_behind_doors, serial_park_tiny_1, grunt_decor_junction,
          grunt_tough_drop, uniq_pikel, uniq_crazy_yiuf_cottage
Temple:   minmay_temple_forest_path

Skill      XL: |  1  2  3  4  5  6  7  8  9 10 |
---------------+-------------------------------+-----
Stealth        | 5 6 7 8 9 11 13 15 16 | 16.0
Short Blades   | 2 3 4 5 7 9 11 | 11.2
Dodging        | |  2.1
Spellcasting   | |  2.0
Hexes          | |  4.4

Action                   |  1- 3 |  4- 6 |  7- 9 | 10-12 || total
-------------------------+-------+-------+-------+-------++-------
Melee: Dagger            |    76 |    87 |   306 |    22 ||   491
       Punch             |     4 |     1 |     5 |       ||    10
       Bite              |     6 |    10 |    38 |     4 ||    58
Throw: Stone             |     2 |       |       |       ||     2
 Cast: Ensorcelled Hiber |     5 |    19 |    43 |     5 ||    72
       Confusing Touch   |     1 |     1 |    16 |     1 ||    19
       Tukima's Dance    |       |       |     8 |       ||     8
 Abil: Exsanguinate      |     1 |       |       |       ||     1
  Use: Scroll            |     2 |     7 |     6 |     1 ||    16
       Potion            |       |       |     4 |     3 ||     7
 Stab: Sleeping          |    13 |    40 |    31 |     1 ||    85
       Distracted        |     2 |     1 |       |       ||     3
       Confused          |       |     1 |     8 |       ||     9
       Invisible         |       |       |     3 |       ||     3
Armor: Robe              |    10 |       |       |       ||    10
       Leather armour    |     6 |    18 |    72 |       ||    96
Dodge: Dodged            |    42 |    20 |   135 |     7 ||   204
